 Dungeon Crawl Stone Soup version 0.25-a0-766-g0ecfff5982 (webtiles) character file.

Game seed: 1512040069801756052, levelgen mode: deterministic

3229 magipi the Chucker (level 9, -3/78 HPs)
             Began as a Pale Draconian Hunter on Apr 13, 2020.
             Was a Believer of Ru.
             Slain by Harold
             ... wielding a +3 short sword
              (11 damage)
             ... on level 7 of the Dungeon.
             The game lasted 00:27:29 (8436 turns).

magipi the Chucker (Pale Draconian Hunter)          Turns: 8436, Time: 00:27:29

Health: -3/78      AC:  8    Str: 14 (15) XL:     9   Next: 66%
Magic:  9/9        EV: 15    Int:  9 (11) God:    Ru [**....]
Gold:   288        SH:  0    Dex: 14 (15) Spells: 8/8 levels left

rFire    . . .     SeeInvis .   a - +1 dagger (venom)
rCold    . . .     Gourm    .   (no shield)
rNeg     . . .     Faith    .   (armour unavailable)
rPois    .         Spirit   .   (helmet restricted)
rElec    .         Reflect  .   q - +0 cloak
rCorr    .         Harm     .   (no gloves)
MR       .....                  (no boots)
Stlth    ++........             (no amulet)
HPRegen  0.23/turn              (no ring)
MPRegen  0.11/turn              (no ring)

@: short of breath, marked, flying, very slightly contaminated, invisible
A: breathe steam, unfitting armour, low mp 1, cold-blooded, unskilled 1, AC +7
a: Breathe Steam, Renounce Religion


You were on level 7 of the Dungeon.
You worshipped Ru.
Ru was pleased with you.
You were not hungry.

You visited 1 branch of the dungeon, and saw 7 of its levels.

You collected 288 gold pieces.

Inventory:

Hand Weapons
 a - a +1 dagger of venom (weapon)
   (You took it off an orc wizard on level 4 of the Dungeon)
 b - a +0 scimitar
   (You took it off an orc warrior on level 6 of the Dungeon)
Missiles
 c - 2 throwing nets
 i - 13 poisoned darts (quivered)
 n - 6 javelins
Armour
 q - a +0 cloak (worn)
   (You found it on level 3 of the Dungeon)
Wands
 d - a wand of digging (7)
   (You found it on level 2 of the Dungeon)
 f - a wand of paralysis (3)
   (You found it on level 7 of the Dungeon)
 o - a wand of clouds (7)
   (You found it on level 3 of the Dungeon)
Scrolls
 g - 3 scrolls of enchant weapon
 h - 2 scrolls of remove curse
 p - a scroll of amnesia {unknown}
 y - a scroll of enchant armour {unknown}
Potions
 e - 4 potions of degeneration
 j - 2 potions of stabbing
 k - 3 potions of curing
 m - 3 potions of lignification
 r - a potion of haste
 s - 2 potions of flight
 t - a potion of heal wounds {unknown}
 v - 2 potions of ambrosia {unknown}
Comestibles
 u - 4 chunks of flesh
 x - 8 rations


   Skills:
 + Level 6.5 Fighting
 + Level 4.6 Short Blades
 + Level 7.9 Throwing
 + Level 5.4 Dodging
 - Level 0.7 Stealth
 + Level 2.5 Evocations


You had 8 spell levels left.
You didn't know any spells.
Your spell library contained the following spells:

 Spells                   Type           Power        Failure   Level  Hunger
 Magic Dart               Conj           #...         38%         1    ##.....
 Blink                    Tloc           N/A          52%         2    ###....
 Call Imp                 Summ           #.......     52%         2    ###....
 Slow                     Hex            #.......     52%         2    ###....
 Conjure Flame            Conj/Fire      #.......     77%         3    ####...
 Mephitic Cloud           Conj/Pois/Air  #.......     77%         3    ####...


Dungeon Overview and Level Annotations

Branches:
Dungeon (7/15)             Temple (0/1) D:4

Altars:
Makhleb
Ru
Sif Muna

Shops:
D:6 (

Annotations:
D:2 Sigmund
D:6 exclusion: door
D:7 Harold


Innate Abilities, Weirdness & Mutations

You can breathe blasts of scalding, opaque steam.
Your pale cyan-grey scales are hard. (AC +7)
You cannot fit into any form of body armour.
Your magical capacity is low. (-10% MP)
You are cold-blooded and may be slowed by cold attacks.
You are somewhat unskilled. (-1 Apt)


Message History

a +0 robe; a +0 dagger
There is a stone staircase leading up, spattered with blood here.
Evoke which item? (* to show all) (? for menu, Esc to quit)
Aiming: Paralyse
Press: ? - help, Shift-Dir - straight line, f/p - Harold
Aim: Harold, wielding a +3 short sword and wearing a +2 scale mail of poison resistance (moderately wounded, extremely poisoned, chance to defeat MR: 20%)
Okay, then.
Unknown command.
Press: ? - help, Shift-Dir - straight line, f/p - Harold
Aim: Harold, wielding a +3 short sword and wearing a +2 scale mail of poison resistance (moderately wounded, extremely poisoned)
You exhale a blast of scalding steam.
The ball of steam hits Harold but does no damage.
Harold is moderately wounded.
You feel somewhat more hungry.
Harold is engulfed in a cloud of scalding steam.
Harold barely misses you.
Unknown command.
You hit Harold but do no damage.
Harold looks as sick as possible!
Harold is heavily wounded.
Harold is engulfed in a cloud of scalding steam.
Harold hits you with a +3 short sword!
Unknown command.
Unknown command.
You hit Harold.
Harold looks as sick as possible!
Harold is heavily wounded.
Harold is engulfed in a cloud of scalding steam.
Harold closely misses you.
Unknown command.
Unknown command.
Okay, then.
Unknown command.
You hit Harold but do no damage.
Harold looks as sick as possible!
You tail-slap Harold, but do no damage.
Harold is severely wounded.
Unknown command.
Unknown command.
You hit Harold but do no damage. You tail-slap Harold, but do no damage.
Harold is severely wounded.
Harold hits you with a +3 short sword.
Unknown command.
Unknown command.
You hit Harold but do no damage.
Harold is severely wounded.
Harold hits you with a +3 short sword!!
* * * LOW HITPOINT WARNING * * *
Unknown command.
It was a potion of degeneration.
There was something very wrong with that liquid.
You feel weakened.
You feel dopey.
You feel clumsy.
You have got your breath back.
The giant cockroach misses you. Harold hits you with a +3 short sword.
* * * LOW HITPOINT WARNING * * *
Unknown command.
It was a potion of flight.
You feel very buoyant.
You fly up into the air.
The giant cockroach barely misses you.
You redirect Harold's attack!
Harold hits you with a +3 short sword!
* * * LOW HITPOINT WARNING * * *
The giant cockroach barely misses you.
Unknown command.
Okay, then.
Unknown command.
Press: ? - help, v - describe, . - travel, g - get item
Here: Harold, wielding a +3 short sword and wearing a +2 scale mail of poison resistance (severely wounded, extremely poisoned)
A +0 robe.
There is something else lying underneath.
The floor, spattered with blood.
Unknown command.
Unknown command.
Unknown command.
Unknown command.
Okay, then.
Unknown command.
Okay, then.
Unknown command.
Unknown command.
You feel better.
Harold points at you and mumbles some strange words.
A sentinel's mark forms upon you.
The giant cockroach bites you but does no damage.
Unknown command.
Unknown command.
You fade into invisibility!
The giant cockroach barely misses you. Harold hits you with a +3 short sword!
* * * LOW HITPOINT WARNING * * *
You are very lightly contaminated with residual magic.
Unknown command.
You feel better.
The giant cockroach bites you but does no damage.
Harold barely misses you.
Unknown command.
Unknown command.
Press: ? - help, Shift-Dir - straight line, f/p - Harold
Aim: Harold, wielding a +3 short sword and wearing a +2 scale mail of poison resistance (severely wounded, extremely poisoned)
You exhale a blast of scalding steam.
The ball of steam hits Harold.
Harold is almost dead.
You feel somewhat more hungry. The giant cockroach barely misses you.
Harold hits you with a +3 short sword!
You die...

.....
.....................##
..%.. ##....s...☼......>##
..... #.........○...#####
..... ##...####.....##
.....###...## ##[..##
.....(.@..## ##)..#
.........## #§[)##
........## ##@s## ..#
.#####.## ##.@## #..# ###
##..## #..# ##..## #..# #
####..## ###..###. #)...##
####........ ##....#
##.<.).....# #....[##
##.........##
#.)...)######)[........##
##..##.....##(.....#.....#


You could see Harold and a giant cockroach.

Vanquished Creatures
  A gargoyle (D:7)
  Prince Ribbit (D:6)
  A hippogriff (D:6)
  Duvessa (D:7)
  2 sky beasts
  An ice beast (D:5)
  2 orc warriors (D:6)
  A black bear (D:6)
  2 ogres
  3 bullfrogs
  Dowan (D:7)
  2 scorpions
  3 killer bees (D:7)
  A jelly (D:5)
  A centaur zombie (D:6)
  3 crimson imps
  A bullfrog zombie (D:5)
  5 hounds
  4 orc priests
  A bullfrog skeleton (D:6)
  4 iguanas
  10 orc wizards
  5 worker ants
  A hound zombie (D:7)
  A hound skeleton (D:4)
  A howler monkey skeleton (D:6)
  7 adders
  2 river rats (D:6)
  2 shadow imps
  An adder skeleton (D:5)
  An adder zombie (D:7)
  A worm (D:3)
  2 dart slugs
  3 leopard geckos
  36 orcs
  5 giant cockroaches
  6 goblins
  5 hobgoblins
  5 jackals
  5 quokkas
  4 ball pythons
  8 bats
  9 frilled lizards
  10 kobolds
  6 rats
177 creatures vanquished.

Notes
Turn   | Place    | Note
-------+----------+-------------------------------------------
     0 | D:1      | magipi the Draconian Hunter began the quest for the Orb.
     0 | D:1      | Reached XP level 1. HP: 17/17 MP: 1/1
   209 | D:1      | Reached XP level 2. HP: 15/25 MP: 2/2
   382 | D:1      | Reached skill level 4 in Throwing
   954 | D:1      | Reached XP level 3. HP: 23/30 MP: 3/3
  1617 | D:2      | Found a sacrificial altar of Ru.
  1646 | D:2      | Became a worshipper of Ru the Awakened
  1764 | D:2      | Noticed Sigmund
  2051 | D:3      | Found a burning altar of Makhleb.
  2070 | D:3      | Reached XP level 4. HP: 26/37 MP: 4/4
  2834 | D:4      | Found a staircase to the Ecumenical Temple.
  3160 | D:4      | Noticed an ogre
  3163 | D:4      | Killed an ogre
  3163 | D:4      | Reached skill level 5 in Throwing
  3163 | D:4      | Reached XP level 5. HP: 45/45 MP: 5/5
  3439 | D:4      | Gained mutation: You are somewhat unskilled. (-1 Apt) [Ru
                  | sacrifice]
  3439 | D:4      | Reduced skill Throwing to level 4
  3439 | D:4      | Reached * piety under Ru
  3576 | D:4      | Reached XP level 6. HP: 51/51 MP: 6/6
  3620 | D:5      | Entered Level 5 of the Dungeon
  3641 | D:5      | Reached skill level 5 in Throwing
  3692 | D:5      | Noticed an ice beast
  3716 | D:5      | Killed an ice beast
  3886 | D:5      | Noticed a sky beast
  3924 | D:5      | Killed a sky beast
  3924 | D:5      | Reached skill level 1 in Short Blades
  3924 | D:5      | Your scales start taking on a pale cyan-grey colour.
  3924 | D:5      | Reached XP level 7. HP: 14/59 MP: 7/7
  5128 | D:5      | Reached skill level 6 in Throwing
  5748 | D:6      | Noticed a hippogriff
  5754 | D:5      | Reached XP level 8. HP: 52/67 MP: 8/8
  5855 | D:6      | Found a shimmering blue altar of Sif Muna.
  5977 | D:6      | Found Rorev's Antique Weapon Boutique.
  6064 | D:6      | Killed a hippogriff
  6064 | D:6      | Reached skill level 5 in Fighting
  6436 | D:6      | Reached skill level 7 in Throwing
  6606 | D:6      | Noticed Prince Ribbit
  6660 | D:5      | Gained mutation: Your magical capacity is low. (-10% MP)
                  | [Ru sacrifice]
  6660 | D:5      | Reached ** piety under Ru
  7008 | D:6      | Killed Prince Ribbit
  7008 | D:6      | Reached XP level 9. HP: 65/75 MP: 8/8
  7225 | D:7      | Noticed a gargoyle
  7368 | D:7      | Noticed Duvessa
  7376 | D:7      | Noticed Dowan
  7381 | D:6      | Reached skill level 5 in Dodging
  7780 | D:7      | Killed a gargoyle
  7780 | D:7      | Reached skill level 1 in Evocations
  7810 | D:7      | Killed Duvessa
  7811 | D:7      | Killed Dowan
  8395 | D:7      | Noticed Harold
  8433 | D:7      | HP: 1/78 [Harold/+3 short sword (14)]
  8436 | D:7      | Slain by Harold

Levels and vault maps discovered:
D:1:      enne_arrival_octagon_isle, layout_basic, serial_park_tiny_1
D:2:      layout_basic, nicolae_ru_awakened_eye,
          chequers_ecumenical_altar_grove, uniq_sigmund
D:3:      layout_basic, old_standard_altar, first_ration, moated_statue,
          moated_statue
D:4:      layout_rooms, minmay_temple_entry_purple_smoke
D:5:      layout_basic
D:6:      layout_loops_ring, led_sif_book, portal_sewer_entry_e, serial_shops,
          shop, uniq_prince_ribbit1
D:7:      layout_layer_cave, zin_treasury, yredelemnul_altar_generic,
          grunt_livestock, uniq_duvessa, uniq_harold

Skill      XL: |  1  2  3  4  5  6  7  8  9 |
---------------+----------------------------+-----
Dodging        | 2 3 3 4 5 |  5.4
Throwing       | 4 5 4 5 6 7 |  7.9
Fighting       | 3 4 5 6 |  6.5
Short Blades   | 1 2 3 4 |  4.6
Evocations     | 2 |  2.5
Stealth        | |  0.7

Action                   |  1- 3 |  4- 6 |  7- 9 || total
-------------------------+-------+-------+-------++-------
Melee: Short sword       |   149 |    87 |       ||   236
       Tailslap          |    14 |    12 |    65 ||    91
       Dagger            |       |    28 |   394 ||   422
Throw: Javelin           |    10 |    17 |     3 ||    30
       Dart              |       |     6 |    14 ||    20
       Throwing net      |       |     1 |       ||     1
Invok: Sacrifice Skill   |       |     1 |       ||     1
       Sacrifice Essence |       |       |     1 ||     1
 Abil: Breathe Steam     |       |       |    22 ||    22
Evoke: Wand              |       |       |     6 ||     6
  Use: Scroll            |       |     6 |     3 ||     9
       Potion            |       |       |     5 ||     5
 Stab: Sleeping          |     2 |     3 |     1 ||     6
       Held in net/web   |       |     2 |       ||     2
       Paralysed         |       |       |     4 ||     4
  Eat: Chunk             |     4 |     6 |    13 ||    23
       Ration            |       |       |     1 ||     1
Armor: Skin              |    73 |    41 |    74 ||   188
Dodge: Dodged            |   140 |    73 |   220 ||   433

Table legend:
 A = Non-vault XP
 B = Vault XP
 C = Vault XP percentage of total XP
 D = Non-vault monster count
 E = Vault monster count
 F = Vault count percentage of total count
                 A         B        C        D         E       F
            +---------+---------+-------+---------+---------+-------
      Total |    4081 |     532 |  11.5 |     166 |      11 |   6.2
            +---------+---------+-------+---------+---------+-------
        D:1 |      49 |       0 |   0.0 |      33 |       0 |   0.0
        D:2 |      40 |       0 |   0.0 |      10 |       0 |   0.0
        D:3 |      41 |       0 |   0.0 |      15 |       0 |   0.0
        D:4 |     318 |       0 |   0.0 |      13 |       0 |   0.0
        D:5 |     967 |       0 |   0.0 |      26 |       0 |   0.0
        D:6 |    1629 |     302 |  15.6 |      48 |       9 |  15.8
        D:7 |    1037 |     230 |  18.2 |      21 |       2 |   8.7
            +---------+---------+-------+---------+---------+-------

Action                   |  1- 3 |  4- 6 |  7- 9 || total
-------------------------+-------+-------+-------++-------
Melee: Short sword       |   149 |    87 |       ||   236
       Tailslap          |    14 |    12 |    65 ||    91
       Dagger            |       |    28 |   394 ||   422
Throw: Javelin           |    10 |    17 |     3 ||    30
       Dart              |       |     6 |    14 ||    20
       Throwing net      |       |     1 |       ||     1
Invok: Sacrifice Skill   |       |     1 |       ||     1
       Sacrifice Essence |       |       |     1 ||     1
 Abil: Breathe Steam     |       |       |    22 ||    22
Evoke: Wand              |       |       |     6 ||     6
  Use: Scroll            |       |     6 |     3 ||     9
       Potion            |       |       |     5 ||     5
 Stab: Sleeping          |     2 |     3 |     1 ||     6
       Held in net/web   |       |     2 |       ||     2
       Paralysed         |       |       |     4 ||     4
  Eat: Chunk             |     4 |     6 |    13 ||    23
       Ration            |       |       |     1 ||     1
Armor: Skin              |    73 |    41 |    74 ||   188
Dodge: Dodged            |   140 |    73 |   220 ||   433
